 Dungeon Crawl Stone Soup version 0.29.1-1-gd02db6906a (webtiles) character file.

Game seed: 7268781448025138653

35614 Earthwalker the Fighter (level 13, -2/122 HPs)
             Began as a Minotaur Fighter on Oct 13, 2022.
             Was the Champion of Okawaru.
             Slain by a reaper
             ... wielding a +0 scythe of protection
              (41 damage)
             ... on level 13 of the Dungeon.
             The game lasted 01:04:14 (21480 turns).

Earthwalker the Fighter (Minotaur Fighter)         Turns: 21480, Time: 01:04:15

Health: -2/122     AC: 22    Str: 24    XL:     13   Next: 48%
Magic:  13/13      EV: 15    Int:  5    God:    Okawaru [******]
Gold:   2495       SH: 13    Dex: 14    Spells: 12/12 levels left

rFire   . . .      SeeInvis .   a - +7 hand axe of Judgement {drain, rPois}
rCold   . . .      Faith    .   B - +1 kite shield "Keaniaro" {Dex+2}
rNeg    . . .      Spirit   .   V - +4 plate armour
rPois   +          Reflect  .   (helmet restricted)
rElec   .          Harm     .   Z - +1 cloak {rCorr}
rCorr   +          Rampage  .   (no gloves)
Will    .....                   (no boots)
Stlth   ..........              r - amulet of regeneration
HPRegen 1.10/turn               i - +4 ring of evasion
MPRegen 0.13/turn               L - +4 ring of slaying

@: no status effects
A: horns 2, retaliatory headbutt
a: Renounce Religion, Heroism, Finesse, Duel


You were on level 13 of the Dungeon.
You worshipped Okawaru.
Okawaru was exalted by your worship.
You visited 3 branches of the dungeon, and saw 16 of its levels.

You collected 2495 gold pieces.

Inventory:

Hand Weapons
 a - the +7 hand axe of Judgement (weapon) {drain, rPois}
   (You found it on level 13 of the Dungeon)

   A truly terrible weapon, it drains the life of any living foe it strikes.
   rPois:     It protects you from poison.
 b - the +2 bardiche of Vyarr {drain, Dex+3}
   (You found it on level 10 of the Dungeon)

   A truly terrible weapon, it drains the life of any living foe it strikes.
   Dex:       It affects your dexterity (+3).
 c - the +1 hand axe of Riak {vorpal, *Rage rPois Int+2}
   (Okawaru gifted it to you on level 2 of the Orcish Mines)

   It inflicts extra damage upon your enemies.
   Int:       It affects your intelligence (+2).
   rPois:     It protects you from poison.
   *Rage:     It berserks you when you make melee attacks (+20% chance).
 D - a +0 antimagic hand axe
 N - a +3 war axe
Missiles
 m - 65 stones (quivered)
 p - 39 poisoned darts
 t - 10 curare-tipped darts
 K - 14 boomerangs
 W - 2 throwing nets
Armour
 g - a +2 chain mail of fire resistance
 B - the +1 kite shield "Keaniaro" (worn) {Dex+2}
   (Okawaru gifted it to you on level 11 of the Dungeon)

   Dex:       It affects your dexterity (+2).
 V - a +4 plate armour (worn)
 Z - a +1 cloak of preservation (worn)
Jewellery
 i - a +4 ring of evasion (left hand)
 j - an amulet of guardian spirit
 k - a ring of willpower
 o - an amulet of guardian spirit
 r - an amulet of regeneration (around neck)
 s - a ring of resist corrosion
 F - a +6 ring of dexterity
 L - a +4 ring of slaying (right hand)
 R - a +4 ring of slaying
 T - a ring of see invisible
 X - a ring of flight
 Y - a ring of protection from fire
Wands
 f - a wand of charming (19)
 q - a wand of light (8)
 J - a wand of mindburst (18)
 M - a wand of polymorph (8)
 P - a wand of flame (40)
 U - a wand of roots (10)
Scrolls
 h - a scroll of fear
 x - 6 scrolls of vulnerability
 y - 3 scrolls of poison
 E - 10 scrolls of teleportation
 H - a scroll of blinking
 Q - a scroll of fog
Potions
 d - 5 potions of might
 e - 5 potions of brilliance
 l - 2 potions of cancellation
 n - 9 potions of curing
 u - a potion of lignification
 v - 3 potions of haste
 w - 2 potions of attraction
 z - a potion of resistance
 A - a potion of flight {unknown}
 C - 7 potions of heal wounds {unknown}
 G - 5 potions of berserk rage {unknown}
 O - a potion of mutation {unknown}
 S - a potion of invisibility {unknown}
Miscellaneous
 I - a piece from Xom's chessboard (15/15)


   Skills:
 * Level 13.0 Fighting
 * Level 12.6 Axes
 * Level 2.0 Throwing
 + Level 12.8 Armour
 + Level 11.2 Dodging
 * Level 1.7 Stealth
 + Level 12.8 Shields
 * Level 2.1 Invocations
 * Level 1.6 Evocations


You had 12 spell levels left.
You didn't know any spells.
Your spell library contained the following spells:

 Spells                   Type           Power      Damage    Failure   Level
 Apportation              Tloc           0%         N/A       100%        1
 Beastly Appendage        Tmut           0%         N/A       100%        1
 Necrotise                Necr           0%         1d4       100%        1
 Wereblood                Tmut           0%         N/A       100%        2
 Ozocubu's Armour         Ice            0%         N/A       100%        3
 Portal Projectile        Hex/Tloc       0%         N/A       100%        3
 Spider Form              Tmut/Pois      0%         N/A       100%        3
 Leda's Liquefaction      Hex/Erth       0%         N/A       100%        4
 Blade Hands              Tmut           0%         N/A       100%        5
 Metabolic Englaciation   Hex/Ice        0%         N/A       100%        5
 Summon Small Mammal      Summ           Unusable   N/A       N/A         1
 Call Canine Familiar     Summ           Unusable   N/A       N/A         3
 Tukima's Dance           Hex            Unusable   N/A       N/A         3
 Simulacrum               Ice/Necr       Unusable   N/A       N/A         6

Dungeon Overview and Level Annotations

Branches:
Dungeon (13/15)            Temple (1/1) D:7            Lair (0/5) D:9
    Orc (2/2) D:11            Elf (0/3) Orc:2
 Vaults: D:13-14

Altars:
Ashenzari
Cheibriados
Dithmenos
Elyvilon
Fedhas
Gozag
Hepliaklqana
Kikubaaqudgha
Makhleb
Nemelex Xobeh
Okawaru
Qazlal
Ru
Sif Muna
Trog
Uskayaw
Vehumet
Wu Jian
Xom
Yredelemnul
Zin
The Shining One

Shops:
D:5 =   Orc:1 [[?[   Orc:2 ([[:

Annotations:
D:12 3 runed translucent doors


Innate Abilities, Weirdness & Mutations

You have a pair of horns on your head.
You reflexively headbutt those who attack you in melee.


Message History

You hit the reaper.
You headbutt the reaper, but do no damage.
The reaper is lightly wounded.
The reaper hits you with a +0 scythe of protection!!!
You hit the reaper.
You headbutt the reaper, but do no damage.
The reaper is lightly wounded.
You slash the reaper! Your headbutt misses the reaper.
The reaper is moderately wounded.
You block the reaper's attack.
You slash the reaper!
The reaper is moderately wounded.
The reaper smiles without lips.
You block the reaper's attack.
You barely miss the reaper. You headbutt the reaper.
The reaper is heavily wounded.
The reaper hits you with a +0 scythe of protection!!
You slash the reaper!
The reaper is heavily wounded.
You barely miss the reaper. Your headbutt misses the reaper.
The reaper is heavily wounded.
The reaper closely misses you.
You hit the reaper. You headbutt the reaper.
The reaper is heavily wounded.
You block the reaper's attack.
You hit the reaper. Your headbutt misses the reaper.
The reaper is severely wounded.
The reaper hits you but does no damage.
You hit the reaper. You headbutt the reaper.
The reaper is severely wounded.
The reaper hits you with a +0 scythe of protection!!
You hit the reaper but do no damage.
The reaper is severely wounded.
You hit the reaper.
The reaper is severely wounded.
The reaper hits you with a +0 scythe of protection!
You slash the reaper!
The reaper is almost dead.
The reaper hits you with a +0 scythe of protection!!!
You die...

.....# +. ..... .+ ##...#
#.##...##.# .....# #..#...#..#
...### #.........# ...#
#######...####### ##.#
#.....#...#.....# ...#
#..#..#.W.#..#..# ####
#.....##2##.....+
#..#...#@#...#..# ###
#...............# #..##
#...............#####
#....##..#.#...............
#.#......#.'..##..#####.#######
#........#.#####..# #......
#........#.# ....# #.###..
#......#.######## #......
#.#..##...)......# #.....#


You could see a reaper and a freezing wraith.

Vanquished Creatures
  An orc warlord (Orc:1)
  An ettin (Orc:1)
  Josephine (D:12)
  A boulder beetle (D:11)
  8 two-headed ogres
  2 centaur warriors (D:13)
  A tengu warrior (D:13)
  The ghost of topfpfpflanze the Tainter, a novice OpVM of Sif Muna (D:8)
  An orc high priest (Orc:1)
  A necromancer (D:13)
  2 wolf spider zombies (D:13)
  5 orc knights
  3 orc sorcerers
  2 ugly things
  5 cyclopes
  A manticore (D:11)
  Maurice (D:7)
  A kobold demonologist (D:11)
  6 trolls
  A harpy zombie (D:13)
  A hornet (D:11)
  6 saltlings (Orc:2)
  6 slime creatures
  A centaur simulacrum (D:13)
  A shadow (D:11)
  23 yaks
  3 wyverns (D:9)
  3 vampires
  2 basilisks
  6 wraiths
  7 vampire mosquitoes
  Menkaure (D:7)
  4 wargs
  2 acid dragons (D:13)
  2 water moccasins
  17 orc warriors
  An ice beast (D:7)
  3 centaurs
  8 ogres
  A phantom (D:5)
  5 kobold brigands
  4 necrophages
  A bullfrog (D:6)
  2 scorpions
  A gnoll sergeant (D:12)
  7 wights
  2 howler monkeys
  5 jellies
  9 orc priests
  4 hounds
  3 gnoll boudas (D:6)
  3 iguanas
  Natasha (thrice) (D:3)
  16 orc wizards
  7 adders
  17 gnolls
  A shadow imp (D:8)
  7 white imps
  2 ufetubi (D:6)
  2 dart slugs (D:2)
  59 orcs
  5 ball pythons
  3 bats
  16 endoplasms
  3 giant cockroaches
  5 goblins
  6 hobgoblins
  6 quokkas
  3 frilled lizards
  17 kobolds
  4 rats (D:1)
  11 pillars of salt (Orc:2)
382 creatures vanquished.

Vanquished Creatures (others)
  A centaur (D:13)
  7 fungi (D:6)
  14 pillars of salt (Orc:2)
  19 plants
  13 toadstools (D:6)
  8 withered plants (D:1)
62 creatures vanquished.

Grand Total: 444 creatures vanquished

Notes
Turn   | Place    | Note
-------+----------+-------------------------------------------
     0 | D:1      | Earthwalker the Minotaur Fighter began the quest for the
                  | Orb.
     0 | D:1      | Reached XP level 1. HP: 19/19 MP: 0/0
   239 | D:1      | Reached XP level 2. HP: 27/27 MP: 1/1
   370 | D:1      | Reached skill level 1 in Dodging
   597 | D:1      | Found a faded altar of an unknown god.
  1002 | D:2      | Reached XP level 3. HP: 33/33 MP: 2/2
  1021 | D:2      | Reached skill level 4 in Fighting
  1485 | D:2      | You fall into a shaft and drop 1 floor!
  1525 | D:3      | Noticed Natasha
  1528 | D:3      | Killed Natasha
  1529 | D:3      | Reached XP level 4. HP: 39/40 MP: 3/3
  1766 | D:3      | Found a sacrificial altar of Ru.
  1870 | D:3      | Reached XP level 5. HP: 42/47 MP: 4/4
  1979 | D:3      | Found a bloodstained altar of Trog.
  2475 | D:2      | Identified the +1 leather armour "Nohesh" {rElec Str+6}
  2632 | D:3      | Noticed Natasha
  2639 | D:3      | Killed Natasha
  2826 | D:4      | Found an ancient bone altar of Kikubaaqudgha.
  2966 | D:4      | Found a hazy altar of Hepliaklqana.
  3078 | D:4      | Noticed an ogre
  3085 | D:4      | Killed an ogre
  3086 | D:4      | Reached skill level 5 in Fighting
  3086 | D:4      | Reached skill level 5 in Armour
  3086 | D:4      | Reached skill level 5 in Shields
  3086 | D:4      | Reached XP level 6. HP: 41/56 MP: 1/5
  3166 | D:3      | Noticed Natasha
  3296 | D:3      | Killed Natasha
  3331 | D:4      | Found a glowing golden altar of the Shining One.
  3646 | D:4      | Reached XP level 7. HP: 51/61 MP: 2/6
  3845 | D:5      | Entered Level 5 of the Dungeon
  4177 | D:5      | Found Pewiem's One-of-a-Kind Rings.
  4191 | D:5      | Found a shimmering altar of Xom.
  4274 | D:5      | Found an ornate altar of the Wu Jian Council.
  4598 | D:5      | Reached skill level 5 in Axes
  4912 | D:6      | Noticed a yak
  4919 | D:6      | Killed a yak
  4920 | D:6      | Reached skill level 6 in Fighting
  4923 | D:6      | Noticed a yak
  4923 | D:6      | Noticed a yak
  4923 | D:6      | Noticed a yak
  4923 | D:6      | Noticed a yak
  4965 | D:6      | Killed a yak
  4965 | D:6      | Noticed a yak
  4966 | D:6      | Reached XP level 8. HP: 55/71 MP: 2/7
  5228 | D:6      | Reached skill level 5 in Dodging
  5231 | D:6      | Reached skill level 7 in Fighting
  5809 | D:6      | Reached XP level 9. HP: 69/79 MP: 2/8
  7089 | D:6      | Reached skill level 8 in Fighting
  7437 | D:7      | Noticed Menkaure
  7454 | D:7      | Killed Menkaure
  7813 | D:7      | Found a blossoming altar of Fedhas.
  7949 | D:7      | Found a staircase to the Ecumenical Temple.
  7961 | Temple   | Entered the Ecumenical Temple
  8017 | Temple   | Became a worshipper of Warmaster Okawaru
  8751 | D:8      | Noticed Maurice
  8768 | D:7      | Killed Maurice
  8769 | D:7      | Reached XP level 10. HP: 38/90 MP: 6/9
  8982 | D:7      | Reached * piety under Okawaru
  9423 | D:8      | Reached skill level 9 in Fighting
  9441 | D:8      | Found a transporter.
  9444 | D:8      | Noticed a green ugly thing
  9445 | D:8      | Found a transporter.
  9446 | D:8      | Noticed topfpfpflanze's ghost (novice OpVM)
  9474 | D:8      | Reached ** piety under Okawaru
 10261 | D:9      | Found a staircase to the Lair.
 10635 | D:9      | Noticed a two-headed ogre
 10813 | D:9      | Killed a two-headed ogre
 10813 | D:9      | Reached *** piety under Okawaru
 11120 | D:9      | Found a broken altar of Ashenzari.
 11125 | D:9      | Reached XP level 11. HP: 80/99 MP: 10/10
 11135 | D:9      | Reached skill level 10 in Fighting
 11565 | D:10     | Entered Level 10 of the Dungeon
 11623 | D:10     | Found a radiant altar of Vehumet.
 11638 | D:10     | Reached skill level 10 in Armour
 11638 | D:10     | Reached skill level 10 in Shields
 11780 | D:10     | Noticed a two-headed ogre
 11871 | D:10     | Reached **** piety under Okawaru
 11873 | D:10     | Killed a two-headed ogre
 12375 | D:10     | Identified the +2 bardiche of Vyarr {drain, Dex+3}
 12443 | D:10     | Noticed a two-headed ogre
 12449 | D:10     | Killed a two-headed ogre
 12450 | D:10     | Reached skill level 10 in Axes
 13120 | D:11     | Reached ***** piety under Okawaru
 13159 | D:11     | Found a staircase to the Orcish Mines.
 13189 | D:11     | Noticed a two-headed ogre
 13199 | D:11     | Killed a two-headed ogre
 13223 | D:11     | Noticed a boulder beetle
 13534 | D:11     | Killed a boulder beetle
 13534 | D:11     | Identified the +1 kite shield "Keaniaro" {Dex+2} (Okawaru
                  | gifted it to you on level 11 of the Dungeon)
 13534 | D:11     | Received a gift from Okawaru
 13535 | D:11     | Reached skill level 11 in Fighting
 13741 | D:11     | Noticed a two-headed ogre
 13748 | D:11     | Killed a two-headed ogre
 13963 | D:12     | Found a runed translucent gate.
 13963 | D:12     | Found a runed translucent gate.
 13964 | D:12     | Found a runed translucent gate.
 14228 | D:12     | Reached XP level 12. HP: 91/110 MP: 8/11
 14390 | D:12     | Noticed a seven-headed hydra
 14464 | D:11     | Identified a scroll of acquirement
 14464 | D:11     | Acquired 1029 gold pieces
 14605 | Orc:1    | Entered Level 1 of the Orcish Mines
 14837 | Orc:2    | Entered Level 2 of the Orcish Mines
 15097 | Orc:2    | Found a staircase to the Elven Halls.
 15111 | Orc:2    | Noticed a two-headed ogre
 15125 | Orc:2    | Killed a two-headed ogre
 15228 | Orc:1    | Found Cucexonlu's Armour Emporium.
 15336 | Orc:2    | Found Nismyn's Book Boutique.
 15369 | Orc:1    | Paralysed by an orc sorcerer for 3 turns
 15469 | Orc:1    | Noticed an ettin
 15469 | Orc:1    | You fall into a shaft and drop 1 floor!
 15480 | Orc:2    | Reached skill level 10 in Dodging
 15718 | Orc:1    | Killed an ettin
 16071 | Orc:1    | Found Qystrat's Antique Armour Emporium.
 16153 | Orc:1    | Found Yponuliy's Magic Scroll Shoppe.
 16172 | Orc:1    | Found Xucoibli's Antique Armour Emporium.
 17002 | Orc:2    | Noticed a two-headed ogre
 17015 | Orc:2    | Killed a two-headed ogre
 17016 | Orc:2    | Reached skill level 12 in Fighting
 17586 | Orc:2    | Noticed an orc warlord
 17718 | Orc:1    | Killed an orc warlord
 18407 | Orc:2    | Noticed an orc high priest
 18410 | Orc:2    | Noticed a two-headed ogre
 18421 | Orc:2    | Identified the +1 hand axe of Riak {vorpal, *Rage rPois
                  | Int+2} (Okawaru gifted it to you on level 2 of the Orcish
                  | Mines)
 18421 | Orc:2    | Received a gift from Okawaru
 18694 | Orc:1    | Killed a two-headed ogre
 18704 | Orc:1    | Killed an orc high priest
 18705 | Orc:1    | Reached XP level 13. HP: 114/119 MP: 10/12
 18769 | Orc:2    | Found Gosaenl Epsy's Antique Weapon Shoppe.
 18771 | Orc:2    | Found Meri Ihatz's Distillery.
 18814 | Orc:2    | Found Cacve's Antique Armour Shoppe.
 18966 | Orc:2    | Found Tagiafye's Armour Boutique.
 19578 | D:8      | Killed topfpfpflanze's ghost
 20178 | D:13     | Noticed Josephine
 20217 | D:12     | Killed Josephine
 20426 | D:13     | Reached skill level 1 in Invocations
 20432 | D:13     | Received a gift from Okawaru
 20547 | D:13     | Reached skill level 1 in Throwing
 20835 | D:13     | Identified the +7 hand axe of Judgement {drain, rPois}
 20843 | D:13     | Reached skill level 1 in Stealth
 20843 | D:13     | Reached skill level 1 in Evocations
 21384 | D:13     | Reached skill level 13 in Fighting
 21387 | D:13     | Reached ****** piety under Okawaru
 21454 | D:13     | Found an ancient bone altar of Kikubaaqudgha.
 21454 | D:13     | Noticed a reaper
 21480 | D:13     | Slain by a reaper

Illustrated notes

Levels and vault maps discovered:
D:1:      dreamdust_arrival_beginning_and_end, layout_loops_ring,
          shapermc_ecumenical_altar_flowoftime, grunt_decor_arrowhead,
          minmay_small_reverse_x
D:2:      layout_loops_ring, minmay_hexomino_u4
D:3:      layout_loops_ring, mainiacjoe_overflow_large_starburst,
          chequers_jeans, nicolae_concentric_dashed_squares_mild, uniq_natasha
D:4:      layout_basic, kennysheep_little_box, mainiacjoe_overflow_brackets,
          nicolae_kikubaaqudgha_miasma_corner
D:5:      layout_cave_pods, xom_butterflies, nicolae_wu_jian_wuxing_cycle,
          minmay_strange_pillars, nicolae_shop_unique_rings
D:6:      cheibrodos_fertilizer, layout_layer_cave, minmay_gold_behind_fungi
D:7:      layout_basic, fedhas_altar_3, minmay_temple_entry_junction,
          minmay_circle_x, uniq_menkaure
D:8:      layout_cave_pools, gammafunk_ghost_arena, uniq_maurice
D:9:      layout_rooms, mainiacjoe_overflow_small_starburst,
          erik_lair_orcish_takeover
D:10:     layout_grid_maze, vehumet_altar_wand_db
D:11:     layout_rooms, orc_0_dummy
D:12:     layout_basic, gammafunk_ghost_icy
D:13:     evilmike_negative_zone, layout_stronghold, dk_noncrumbling_4,
          uniq_josephine
Temple:   nicolae_temple_bog_church
Orc:1:    layout_diamond_mine, serial_shops, nicolae_lakefront_shop,
          nicolae_square_shop, nicolae_shop_behind_doors, shop
Orc:2:    hellmonk_orc_salted, layout_diamond_mine, serial_shops, shop

Skill      XL: |  1  2  3  4  5  6  7  8  9 10 11 12 13 |
---------------+----------------------------------------+-----
Dodging        | 1 2 3 4 5 7 8 9 10 11 | 11.2
Shields        | 4 5 6 7 8 9 11 12 | 12.8
Armour         | 4 5 6 7 8 9 11 12 | 12.8
Fighting       | 4 5 6 7 8 9 11 12 13 | 13.0
Axes           | 3 4 5 6 8 9 10 12 | 12.6
Invocations    | 2 |  2.1
Throwing       | 2 |  2.0
Stealth        | 1 |  1.7
Evocations     | 1 |  1.6

Action                   |  1- 3 |  4- 6 |  7- 9 | 10-12 | 13-15 || total
-------------------------+-------+-------+-------+-------+-------++-------
Melee: War axe           |    95 |    66 |   129 |   540 |    90 ||   920
       Headbutt          |    15 |    17 |    38 |   155 |    53 ||   278
       Hand axe          |       |    74 |    98 |       |    73 ||   245
Throw: Stone             |       |       |     6 |    35 |     1 ||    42
Invok: Heroism           |       |       |       |       |     1 ||     1
  Use: Scroll            |     4 |       |     9 |    10 |       ||    23
Armor: Scale mail        |    24 |    31 |    38 |     9 |       ||   102
       Plate armour      |       |       |       |   151 |    67 ||   218
Dodge: Dodged            |    40 |    98 |   145 |   223 |    71 ||   577
Block: Buckler           |    20 |    36 |    57 |    87 |       ||   200
       Kite shield       |       |       |       |   203 |    96 ||   299
